 Dungeon Crawl Stone Soup version 0.21-a0-274-gc1afaeb (webtiles) character file.

727310 tidbits the Sensei (level 27, -5/304 HPs)
             Began as a Demigod Transmuter on Sept 17, 2017.
             Killed from afar by an iron giant (30 damage)
             ... with an iron shot
             ... on level 11 of a ziggurat on Sept 19, 2017.
             The game lasted 08:11:58 (34147 turns).

tidbits the Sensei (Demigod Transmuter)            Turns: 34147, Time: 08:11:59

Health: -5/304     AC: 33    Str: 14 (17) XL:     27
Magic:  42/56      EV: 32    Int: 25      God:
Gold:   1814       SH:  9    Dex: 20      Spells: 2/62 levels left

rFire    + . .     SeeInvis +     - Unarmed
rCold    . . .     Gourm    .   D - +3 buckler {rF+}
rNeg     + + +     Faith    .   (armour currently unavailable)
rPois    ∞         Spirit   .   E - +0 mask of the Dragon {MR+ Slay+3 SInv}
rElec    +         Reflect  .   C - +2 cloak {MR+}
rCorr    .         Harm     .   (gloves currently unavailable)
MR       +++++                  (boots currently unavailable)
Stlth    ++........             q - amulet "Sygaib" {RegenMP rN+ MR++}
HPRegen  0.60/turn              V - ring of Iniygien {rElec rN+ MR+ EV+4}
MPRegen  0.60/turn              U - +4 ring of protection

@: statue-form, slightly contaminated, very slow
A: hooves 1, horns 1, deterioration 2, high mp 2, sense surroundings 1,
electricity resistance, weak 1, subdued magic 1
}: 5/15 runes: barnacled, slimy, silver, golden, gossamer
a: End Transformation


You were on level 11 of a ziggurat.
You were full.
You were a stone statue.
You visited 12 branches of the dungeon, and saw 56 of its levels.
You visited 1 ziggurat, and saw 11 of its levels.
You also visited: Labyrinth, Ice Cave, Volcano and Wizlab.

You collected 9742 gold pieces.
You spent 7928 gold pieces at shops.

Inventory:

Hand Weapons
 O - the +9 staff of Wucad Mu {channel}
   (You found it in a wizard's laboratory)
Missiles
 p - 7 throwing nets (quivered) {!f}
 z - 436 arrows
Armour
 B - a +4 troll leather armour (melded)
 C - a +2 cloak of magic resistance (worn)
   (You found it on level 2 of the Shoals)
 D - a +3 buckler of fire resistance (worn)
   (You took it off a tengu reaver on level 5 of the Vaults)
 E - the +0 mask of the Dragon (worn) {MR+ Slay+3 SInv}
   (You found it in an ice cave)

   It affects your accuracy and damage with ranged weapons and melee attacks
   (+3).
   It affects your resistance to hostile enchantments.
   It lets you see invisible.
 F - a +2 pair of boots of running (melded)
   (You found it in an ice cave)
 G - a +2 pair of gloves of strength (melded)
   (You found it on level 5 of the Pits of Slime)
Jewellery
 q - the amulet "Sygaib" (around neck) {RegenMP rN+ MR++}
   (You acquired it on level 6 of the Lair of Beasts)

   [amulet of magic regeneration]

   It increases your magic regeneration.
   It protects you from negative energy.
   It affects your resistance to hostile enchantments.
 v - the ring of Tyus {rElec rC+ Int+2 SInv}
   (You found it on level 5 of the Depths)

   [ring of see invisible]

   It affects your intelligence (+2).
   It protects you from cold.
   It insulates you from electricity.
   It lets you see invisible.
 K - an uncursed ring of resist corrosion
   (You bought it in a shop on level 3 of the Elven Halls)
 R - the amulet "Woseop" {Regen+ Str+5}
   (You bought it in a shop on level 3 of the Elven Halls)

   [amulet of regeneration]

   It affects your strength (+5).
   It increases your rate of regeneration.
 U - a +4 ring of protection (right hand)
   (You took it off a deep elf sorcerer on level 3 of the Elven Halls)
 V - the ring of Iniygien (left hand) {rElec rN+ MR+ EV+4}
   (You bought it in a shop on level 3 of the Elven Halls)

   [ring of evasion]

   It affects your evasion (+4).
   It insulates you from electricity.
   It protects you from negative energy.
   It affects your resistance to hostile enchantments.
 W - an uncursed ring of wizardry
   (You found it on level 3 of the Shoals)
Wands
 c - a wand of paralysis (21/24)
 A - a wand of clouds (7/9)
 P - a wand of clouds (4/9)
Scrolls
 d - a scroll of holy word
 e - 3 scrolls of enchant armour
 f - a scroll of summoning
 i - 6 scrolls of identify
 m - 3 scrolls of fear
 o - 11 scrolls of teleportation
 r - 9 scrolls of remove curse
 y - 8 scrolls of immolation
 M - 4 scrolls of fog
 S - 4 scrolls of silence
 T - 3 scrolls of recharging
Potions
 b - 2 potions of mutation {!q}
 h - 2 potions of might
 j - 14 potions of curing
 l - a potion of magic
 n - 5 potions of ambrosia
 s - 3 potions of berserk rage
 t - 3 potions of cancellation
 u - 10 potions of flight
 H - 3 potions of brilliance
 I - 3 potions of haste
 L - a potion of agility
 X - 4 potions of resistance
 Z - 4 potions of heal wounds
Books
 k - the Guide on Battle Magic
   (You found it on level 10 of a ziggurat)

   Spells                             Type                      Level
   a - Magic Dart                     Conjuration                  1
   b - Flame Tongue                   Conjuration/Fire             1
   c - Throw Icicle                   Conjuration/Ice              4
   d - Bolt of Draining               Conjuration/Necromancy       5
   e - Spellforged Servitor           Conjuration/Summoning        7
Miscellaneous
 g - 4 sacks of spiders
 N - 5 phantom mirrors
 Q - 6 boxes of beasts
 Y - a phial of floods (inert)
Comestibles
 a - 18 bread rations


   Skills:
 - Level 16.8 Fighting
 - Level 18.1 Dodging
 + Level 1.3 Stealth
 - Level 4.0 Shields
 - Level 21.7 Unarmed Combat
 - Level 18.1 Spellcasting
 - Level 4.0 Charms
 - Level 8.0 Summonings
 - Level 10.7 Necromancy
 + Level 16.3 Translocations
 - Level 12.1 Transmutations
 - Level 11.1 Earth Magic
 - Level 5.2 Evocations


You had 2 spell levels left.
You knew the following spells:

 Your Spells              Type           Power        Failure   Level  Hunger
a - Apportation           Tloc           ######       0%          1    None
b - Blink                 Tloc           N/A          0%          2    None
d - Death Channel         Necr           ######....   3%          6    ###....
k - Sticks to Snakes      Tmut           ######..     0%          2    None
l - Lesser Beckoning      Tloc           ######....   0%          3    None
p - Passage of Golubria   Tloc           N/A          0%          4    None
r - Regeneration          Chrm/Necr      #####.....   1%          3    None
s - Statue Form           Tmut/Erth      ######...    1%          6    ###....
u - Control Undead        Necr           ######....   1%          4    None
w - Passwall              Tmut/Erth      ######....   0%          2    None
A - Aura of Abjuration    Summ           #####.....   1%          5    None
B - Controlled Blink      Tloc           N/A          14%         8    ######.
L - Lee's Rapid Deconstr  Erth           ######....   1%          5    None
N - Animate Dead          Necr           N/A          1%          4    None
R - Irradiate             Conj/Tmut      #####.....   3%          5    None


Dungeon Overview and Level Annotations

Branches:
Dungeon (15/15)            Temple (0/1) D:6            Lair (6/6) D:10
 Shoals (4/4) Lair:4       Spider (4/4) Lair:2        Slime (5/5) Lair:6
    Orc (2/2) D:9             Elf (3/3) Orc:2        Vaults (5/5) D:14
  Crypt (3/3) Vaults:2       Tomb (3/3) Crypt:3      Depths (5/5) D:15
   Hell (1/1)
    Dis: Hell:1         Geh: Hell:1         Coc: Hell:1         Tar: Hell:1
    Zot: Depths:5

Shops:
D:4 }   D:6 *   D:8 *([[   D:11 ?   D:14 !   Orc:2 *:([   Elf:1 :   Elf:3 =}=*
Shoals:2 !!%

Portals:
Hell: Depths:1 Depths:3 Depths:4 Depths:5
Abyss: Depths:4

Annotations:
D:4 reteaz's ghost, novice GrCK
D:11 Shiggs's ghost, journeyman VSTm
Depths:3 2 transporters, exclusion: orange crystal statue
Depths:5 the Enchantress
Hell Geryon


Innate Abilities, Weirdness & Mutations

You have a considerably increased reservoir of magic. (+20% MP)
You have large cloven feet.
You have a pair of small horns on your head.
((You are partially covered in molten scales. (AC +2)))
Your body often deteriorates upon taking damage.
You passively map a small area around you.
You are resistant to electric shocks. (rElec)
You are weak. (Str -2)
Your spells are a little easier to cast, but a little less powerful.


Message History

* * * LOW HITPOINT WARNING * * *
A rust devil comes into view.
You closely miss the tormentor.
The rust devil screeches!
The hell hound barks!
You kick the tormentor.
The tormentor is lightly wounded.
Something shouts, "Scamper home, thou goatish dizzy-eyed erk!"
The war gargoyle hits you but does no damage.
The tormentor misses you. x2
The tormentor calls on the powers of darkness!
Your body is wracked with pain!
* * * LOW HITPOINT WARNING * * *
The iron imp shouts, "Away with thee, thou skyhacking roguish mule!"
A tormentor, a mummy and a skeleton come into view.
Unknown command.
You pummel the tormentor!!
You kick the tormentor, but do no damage.
Your headbutt misses the tormentor.
The tormentor is almost dead.
The tormentor calls on the powers of darkness!
Your body is wracked with pain!
* * * LOW HITPOINT WARNING * * *
The tormentor barely misses you. The tormentor completely misses you.
The war gargoyle hits you but does no damage.
Unknown command.
Casting: Lesser Beckoning
Confirm with . or Enter, or press ? or * to list all spells.
You erupt in a fountain of uncontrolled magic!
The tormentor is blasted with magical radiation!
You kill the tormentor!
The war gargoyle is blasted with magical radiation!
The war gargoyle is severely damaged.
The tormentor is blasted with magical radiation!
You kill the tormentor!
You are very lightly contaminated with residual magic.
You hear a shout!
The war gargoyle launches metal splinters at you.
The spray of metal splinters hits you!
* * * LOW HITPOINT WARNING * * *
The spriggan defender zombie misses you.
The phantasmal warrior blinks!
The war gargoyle hits you but does no damage.
Unknown command.
Casting: Irradiate
Confirm with . or Enter, or press ? or * to list all spells.
You erupt in a fountain of uncontrolled magic!
The shadow dragon zombie is blasted with magical radiation!
The shadow dragon zombie is lightly damaged.
The skeletal warrior is blasted with magical radiation!
The skeletal warrior is heavily damaged.
The war gargoyle is blasted with magical radiation!
You destroy the war gargoyle!
The war gargoyle is blasted with magical radiation!
The war gargoyle is heavily damaged.
The phantasmal warrior is blasted with magical radiation!
The phantasmal warrior is severely damaged.
The war gargoyle completely misses you.
The phantasmal warrior completely misses you.
The war gargoyle launches metal splinters at you.
The spray of metal splinters misses you.
The tormentor calls on the powers of darkness!
Your body is wracked with pain!
* * * LOW HITPOINT WARNING * * *
The shadow dragon zombie completely misses you. x3
You block the phantasmal warrior's attack.
A rust devil comes into view.
Unknown command.
Blink to where?
Press: ? - help, Dir - move target cursor
As you read the scroll of blinking, it crumbles to dust.
An iron imp and an iron giant come into view.
The iron giant shouts!
The iron imp shouts!
The tormentor shouts, "Prepare for my thousand needles of pain!"
The iron giant hits you with a giant club!!
* * * LOW HITPOINT WARNING * * *
Your body deteriorates!
You feel weakened. The rust devil completely misses you.
The iron imp barely misses you.
Found fourteen items.
Found two gates leading back out of this place.
Found a stone staircase leading down.
Unknown command.
Press: ? - help, v - describe, . - travel, g - get item A glowing rapier.
A gate leading back out of this place.
Okay, then.
Casting: Irradiate
Confirm with . or Enter, or press ? or * to list all spells.
Okay, then.
Casting: Irradiate
Confirm with . or Enter, or press ? or * to list all spells.
The spell is very dangerous to cast!
Continue anyway?
Blink to where?
Press: ? - help, Dir - move target cursor You are lightly contaminated with residual magic.
The tormentor says, "I know your fate.
It's pain."
Unknown command.
Are you sure you want to leave this ziggurat?
The iron giant points at you and mumbles some strange words.
The iron shot hits you!
You die...

▓▓▓▓▓▓▓▓▓▓▓▓▓
▓▓...........▓▓
▓..........Z..▓▓
.........2.h...▓▓
.....#..§#9...:4▓▓
.....§Z25h4.ZM%C8▓▓
.....§W2..z..§25>)▓
....§§§Z4Z....?=∩▓▓
.....#...#..2.)(▓▓
.........Z.....▓▓
▓.............▓▓
▓▓...........▓▓
▓▓▓▓▓▓▓▓▓▓▓▓▓


You could see an iron giant, a skeletal warrior, a war gargoyle, 2 rust devils,
3 tormentors, 2 hell hounds, a mummy, an iron imp, a shadow dragon zombie, a
spriggan defender zombie, a golden dragon skeleton and a frost giant skeleton.

Vanquished Creatures
  the Royal Jelly (Slime:5)
  Mara (Spider:4)
  2 ancient liches
  The ghost of CcS the Slayer, a veteran MiGl of Gozag (Zig:9)
  24 greater mummies
  Saint Roka (Vaults:2)
  A caustic shrike (Zig:7)
  Frederick (Vaults:5)
  A shard shrike (Zig:8)
  2 Killer Klowns (Zig:6)
  6 golden dragons
  Arachne (Spider:3)
  Jorgrun (Elf:3)
  A tentacled monstrosity (Vaults:5)
  A pandemonium lord (Zig:6)
  7 liches
  Rupert (Lair:4)
  7 titans
  4 deep elf blademasters
  A deep elf master archer (Elf:3)
  10 acid blobs
  A quicksilver dragon (Vaults:5)
  Frances (D:13)
  7 ancient champions
  Polyphemus (Shoals:4)
  A kraken (Shoals:1)
  4 shadow dragons (Vaults:5)
  7 sphinxes
  8 fire giants
  5 storm dragons
  Roxanne (Elf:3)
  5 tengu reavers
  3 revenants
  Ilsuiw (Shoals:4)
  7 azure jellies
  5 deep elf sorcerers
  10 vault wardens
  6 frost giants
  2 caustic shrike zombies
  5 ghost moths
  8 emperor scorpions
  4 orc warlords
  A draconian scorcher (Zig:4)
  A draconian shifter (Zig:4)
  2 iron dragons
  A juggernaut zombie (Depths:3)
  The ghost of kal9871 the Markscentaur, a journeyman CeAM of Okawaru (IceCv)
  10 ironheart preservers
  Louise (D:14)
  4 ghouls
  6 deep elf elementalists (Elf:3)
  A reaper (Crypt:3)
  11 stone giants
  A caustic shrike skeleton (Depths:3)
  6 war gargoyles
  3 entropy weavers
  2 spriggan defenders
  12 bennus
  9 vampire knights
  7 deep elf demonologists
  A black draconian (Zig:4)
  27 very ugly things
  A large abomination (Elf:3)
  Azrael (D:14)
  4 deep elf annihilators (Elf:3)
  A dire elephant (Zig:7)
  A lorocyproca (Hell)
  An orange crystal statue (WizLab)
  A yellow draconian (Zig:4)
  5 spark wasps
  An eidolon (Zig:1)
  10 ettins
  4 blizzard demons
  9 merfolk javelineers
  A minotaur (Lab)
  13 deep elf death magi
  5 death oozes
  Josephine (Orc:2)
  4 yaktaur captains
  3 deep elf high priests
  17 mummy priests
  4 fire dragons
  10 merfolk impalers
  14 jiangshi
  23 vault guards
  12 great orbs of eyes
  3 spriggan air magi
  5 hydras
  3 ice dragons
  4 rakshasas
  Erica (Orc:1)
  A catoblepas (Shoals:4)
  7 centaur warriors
  A death knight (Vaults:2)
  A quicksilver dragon skeleton (Zig:5)
  9 merfolk aquamancers
  A merfolk avatar (Zig:10)
  5 satyrs
  23 two-headed ogres
  An alligator snapping turtle (Zig:10)
  5 ogre magi
  16 dancing weapons
  3 death yaks
  4 deep troll earth magi
  4 tengu warriors
  11 death scarabs
  Urug (Orc:1)
  12 vampire magi
  2 titan zombies
  2 deep troll shamans
  4 orc high priests
  13 hell knights
  7 soul eaters (Depths:4)
  18 deep elf knights
  A titan skeleton (Crypt:1)
  A sun demon (Depths:4)
  An iron golem (Depths:5)
  29 skeletal warriors
  A fire crab (shapeshifter) (Depths:2)
  A shadow wraith (Crypt:3)
  2 iron trolls (Depths:2)
  4 unseen horrors
  A salamander mystic (Depths:2)
  An iron troll (shapeshifter) (Zig:6)
  A spriggan druid (Zig:7)
  A glowing orange brain (shapeshifter) (Vaults:5)
  2 glowing orange brains
  6 sea snakes
  A ghost moth zombie (Crypt:1)
  3 wizards
  5 flayed ghosts
  10 deep trolls
  12 ironbrand convokers
  A kraken simulacrum (Shoals:4)
  An unseen horror (shapeshifter) (Vaults:4)
  A tengu zombie (Zig:8)
  2 obsidian statues
  16 deep elf archers
  3 lindwurms
  10 orc knights
  9 orc sorcerers
  35 ugly things
  A harpy (shapeshifter) (Vaults:2)
  20 harpies
  7 necromancers
  26 wolf spiders
  A shadow dragon skeleton (Tomb:3)
  2 stone giant zombies
  12 phantasmal warriors
  2 salamanders (Depths:2)
  A salamander (shapeshifter) (Depths:1)
  9 oklob plants
  61 deep elf magi
  8 fauns
  8 orb spiders
  A fire giant zombie (Crypt:3)
  14 manticores
  6 cyclopes
  5 shining eyes
  A moth of wrath (shapeshifter) (Zig:9)
  An iron dragon skeleton (Crypt:1)
  A frost giant skeleton (Depths:1)
  9 merfolk sirens
  10 black mambas
  A toenail golem (Volcano)
  11 elephants
  3 moths of wrath
  Joseph (D:7)
  2 ice statues
  5 rust devils
  11 vault sentinels
  2 fire giant skeletons
  A stone giant skeleton (Depths:1)
  5 water nymphs
  2 molten gargoyles (Volcano)
  3 eyes of devastation
  Maurice (D:8)
  A gargoyle (D:13)
  A torpor snail (Spider:3)
  An orange demon (Depths:4)
  3 smoke demons
  A spiny frog (shapeshifter) (Vaults:5)
  A hellion (Zig:5)
  14 spiny frogs
  A kobold demonologist (D:13)
  2 rime drakes
  33 yaktaurs
  6 freezing wraiths
  A rime drake (shapeshifter) (Depths:4)
  6 ice devils
  A komodo dragon (D:10)
  2 tormentors (Zig:11)
  5 demonic crawlers
  6 anaconda simulacra (IceCv)
  4 tengu conjurers
  A minotaur zombie (Lab)
  47 guardian mummies
  6 trolls
  32 merfolk
  2 golden dragon simulacra
  2 polar bears (shapeshifter)
  38 jumping spiders
  Grinder (D:6)
  A wind drake (shapeshifter) (Vaults:1)
  6 polar bears (Lair:6)
  A hornet (shapeshifter) (Vaults:3)
  2 spriggan zombies (Zig:8)
  13 hornets
  19 blink frogs
  An ice dragon zombie (Depths:1)
  8 hippogriffs
  2 wind drakes
  5 dream sheep
  A hippogriff (shapeshifter) (Vaults:5)
  A bog body (Crypt:3)
  3 snapping turtles
  49 slime creatures
  A deep troll zombie (Zig:3)
  A spriggan skeleton (Zig:8)
  11 air elementals
  7 flying skulls
  2 wyverns
  49 redbacks
  5 shadows
  17 water elementals
  15 tarantellas
  7 vampires
  13 spriggans (Lair:6)
  3 hungry ghosts
  A basilisk (shapeshifter) (Vaults:4)
  9 wraiths
  8 fire elementals
  A golden eye (shapeshifter) (Vaults:2)
  4 ushabtiu
  Grum (D:9)
  39 yaks
  13 golden eyes
  A basilisk (Lair:3)
  4 vampire mosquitoes (D:15)
  An emperor scorpion simulacrum (Crypt:1)
  2 yaktaur simulacra
  Menkaure (D:6)
  Edmund (D:6)
  A swamp worm (shapeshifter) (Vaults:5)
  2 acid dragons
  6 harpy simulacra
  3 soldier ants (D:12)
  2 human zombies
  Duvessa (D:7)
  11 wargs
  21 water moccasins
  An acid dragon (shapeshifter) (Zig:6)
  6 hell hounds
  9 porcupines
  An infernal demonspawn skeleton (Crypt:3)
  3 ice beasts
  50 orc warriors
  A sky beast (D:9)
  A black bear (Lair:6)
  A lindwurm zombie (Crypt:2)
  7 eyes of draining
  3 phantoms
  26 wolves
  2 ettin simulacra (IceCv)
  3 necrophages
  18 ogres
  13 boggarts
  10 centaurs
  12 crocodiles
  2 big kobolds
  A gnoll sergeant (Orc:2)
  5 earth elementals
  14 bullfrogs
  A water moccasin zombie (D:10)
  A wyvern skeleton (D:8)
  4 scorpions
  A water moccasin skeleton (D:8)
  Dowan (D:7)
  An elf simulacrum (Vaults:3)
  13 killer bees
  5 wights
  5 howler monkeys
  3 jellies
  5 electric eels
  A lava snake (Lair:1)
  12 crimson imps
  A centaur skeleton (D:4)
  3 draconian simulacra (IceCv)
  4 centaur zombies
  8 hounds
  A gnoll shaman (D:7)
  34 orc priests
  A bullfrog skeleton (D:7)
  25 orc wizards
  2 iguanas
  Jessica (D:2)
  Terence (D:2)
  5 hell rats (Lair:3)
  A spriggan simulacrum (IceCv)
  A lightning spire (Zig:11)
  3 wolf simulacra (IceCv)
  5 worker ants
  A killer bee zombie (D:6)
  2 polar bear simulacra (IceCv)
  7 troll simulacra (IceCv)
  2 centaur simulacra
  A tengu skeleton (Crypt:2)
  A hound zombie (D:6)
  20 mummies
  19 gnolls
  2 ogre simulacra (IceCv)
  7 adders
  2 naga simulacra (IceCv)
  6 shadow imps
  7 white imps
  5 ufetubi (IceCv)
  2 adder skeletons (D:5)
  An iguana skeleton (Crypt:3)
  2 worms
  3 dart slugs
  5 leopard geckos
  124 orcs
  A ball python (D:2)
  6 giant cockroaches
  4 goblins
  6 hobgoblins
  9 jackals
  2 quokkas
  10 bats
  3 frilled lizards
  A gnoll skeleton (Crypt:3)
  16 kobolds
  A quokka skeleton (D:6)
  10 rats
  A crawling corpse (Elf:3)
  4 plants
  6 tentacles
2233 creatures vanquished.

Vanquished Creatures (collateral kills)
  An ancient lich (Vaults:5)
  Xtahua (Vaults:2)
  A lich (Depths:3)
  4 acid blobs
  3 tengu reavers
  A sphinx (Vaults:5)
  A storm dragon (Depths:4)
  2 fire giants (Vaults:5)
  A cacodemon (Depths:4)
  2 vault wardens (Vaults:5)
  An ironheart preserver (Vaults:3)
  3 very ugly things
  A stone giant (Depths:3)
  3 deep elf annihilators (Elf:3)
  A vampire knight (Depths:4)
  2 spark wasps (Depths:3)
  4 ettins
  A death ooze (Slime:5)
  A yaktaur captain (Depths:5)
  11 vault guards
  A merfolk impaler (Shoals:4)
  A hydra (Lair:6)
  5 merfolk avatars
  A hell beast (Depths:4)
  2 ice dragons
  A centaur warrior (Depths:3)
  A merfolk aquamancer (Shoals:4)
  3 ogre magi
  2 two-headed ogres (Vaults:5)
  A tengu warrior (Depths:3)
  2 deep troll shamans
  6 death scarabs
  3 soul eaters
  A deep elf knight (Elf:3)
  An iron golem (Depths:5)
  The ghost of nikopol the Thaumaturge, a novice DEFE of Vehumet (D:8)
  A sea snake (Shoals:4)
  A sixfirhy (Depths:4)
  A flayed ghost (Vaults:2)
  5 hell knights (Depths:4)
  3 deep trolls
  2 orc knights
  A necromancer (Depths:4)
  An orb spider (shapeshifter) (Depths:3)
  2 wolf spiders
  A faun (Shoals:2)
  6 orb spiders
  8 ugly things
  7 slime creatures
  3 deep elf magi
  A shining eye (Slime:1)
  A merfolk siren (Lair:4)
  3 rust devils (Depths:4)
  A spiny frog (Lair:1)
  A vault sentinel (Vaults:2)
  An orange demon (Depths:4)
  2 ice devils (Depths:4)
  2 yaktaurs (Vaults:5)
  A red devil (Depths:4)
  A tengu conjurer (Depths:4)
  2 merfolk
  4 jumping spiders
  3 trolls
  2 hornets
  4 blink frogs
  6 dream sheep
  5 flying skulls
  3 tarantellas
  9 redbacks
  An ushabti (Tomb:1)
  A spriggan (Lair:6)
  A water elemental (Depths:4)
  A golden eye (Slime:4)
  5 yaks
  A fire elemental (Depths:4)
  A merfolk zombie (Crypt:3)
  A porcupine (Lair:1)
  A water moccasin (D:6)
  A merfolk skeleton (Crypt:2)
  2 orc warriors
  4 ogres
  2 boggarts (Depths:4)
  A wolf (D:10)
  4 centaurs
  A crocodile (Lair:6)
  A manticore skeleton (Crypt:3)
  A bullfrog (D:10)
  A wight (D:8)
  A raiju skeleton (Crypt:3)
  An electric eel (Spider:1)
  7 crimson imps
  2 orc priests
  A jelly (shapeshifter) (Vaults:5)
  A bullfrog skeleton (D:10)
  2 iron imps (Depths:4)
  2 orc wizards
  A naga simulacrum (IceCv)
  An adder (D:8)
  5 white imps (Depths:4)
  A worm (D:2)
  A leopard gecko (D:2)
  4 orcs
  A frilled lizard (D:2)
  A kobold (D:2)
  A rat (D:2)
235 creatures vanquished.

Vanquished Creatures (others)
  Asterion (Elf:3)
  A very ugly thing (Depths:2)
  A golden dragon zombie (Tomb:3)
  An orc knight (Orc:1)
  An orc sorcerer (Vaults:2)
  A hydra skeleton (Tomb:2)
  7 flying skulls (Tomb:2)
  A hell hound (Hell)
  A manticore zombie (Tomb:2)
  A boggart (Depths:4)
  3 mummies (Tomb:2)
  2 ufetubi (IceCv)
  2 orcs
  16 fungi
  21 plants
  18 tentacles
  28 withered plants (Crypt:3)
106 creatures vanquished.

Grand Total: 2574 creatures vanquished

Notes
Turn   | Place    | Note
-------+----------+-------------------------------------------
     0 | D:1      | tidbits the Demigod Transmuter began the quest for the Orb.
     0 | D:1      | Reached XP level 1. HP: 15/15 MP: 5/5
    84 | D:1      | Reached skill level 2 in Spellcasting
   260 | D:2      | Reached skill level 2 in Transmutations
   260 | D:2      | Reached XP level 2. HP: 14/22 MP: 5/7
   264 | D:2      | Learned a level 2 spell: Sticks to Snakes
   380 | D:2      | HP: 2/22 [jackal (3)]
   393 | D:2      | Reached skill level 3 in Unarmed Combat
   558 | D:2      | Reached XP level 3. HP: 19/27 MP: 5/9
   563 | D:2      | Learned a level 3 spell: Spider Form
   600 | D:2      | Noticed Jessica
   606 | D:2      | Killed Jessica
   797 | D:2      | Noticed Terence
   832 | D:2      | Killed Terence
   832 | D:2      | Reached XP level 4. HP: 20/34 MP: 2/10
   898 | D:2      | Reached skill level 4 in Unarmed Combat
  1046 | D:2      | Reached skill level 3 in Transmutations
  1394 | D:4      | Reached XP level 5. HP: 39/39 MP: 7/11
  1401 | D:4      | Noticed reteaz's ghost (novice GrCK)
  1589 | D:4      | Found Piejauk's Gadget Emporium.
  1635 | D:5      | Entered Level 5 of the Dungeon
  1800 | D:5      | Got a smoking ring mail
  1875 | D:5      | Identified the +5 ring mail of Orojaymp {Dex+3} (You found it on level 5 of the Dungeon)
  1895 | D:5      | Reached skill level 5 in Unarmed Combat
  1927 | D:5      | Reached skill level 1 in Fighting
  1939 | D:5      | HP: 4/40 [poisoned by a gnoll]
  1944 | D:5      | HP: 2/40 [poisoned by a gnoll]
  1949 | D:5      | HP: 4/40 [poisoned by a gnoll]
  1992 | D:5      | Got a polished hand axe
  2047 | D:5      | Reached XP level 6. HP: 47/47 MP: 9/12
  2195 | D:6      | Reached skill level 1 in Shields
  2467 | D:5      | Reached skill level 2 in Fighting
  2497 | D:6      | Reached skill level 2 in Shields
  2592 | D:6      | Reached XP level 7. HP: 56/56 MP: 11/13
  2632 | D:6      | Found a staircase to the Ecumenical Temple.
  2677 | D:6      | Noticed Grinder
  2701 | D:6      | Reached skill level 3 in Fighting
  2701 | D:6      | Reached skill level 3 in Shields
  2719 | D:6      | Killed Grinder
  2773 | D:6      | Reached skill level 4 in Fighting
  2773 | D:6      | Reached skill level 4 in Shields
  2823 | D:6      | Found Ciator's General Store.
  2830 | D:6      | Bought a +0 cloak for 58 gold pieces
  2830 | D:6      | Bought a potion of degeneration for 13 gold pieces
  2849 | D:6      | Noticed Menkaure
  2861 | D:6      | Killed Menkaure
  2861 | D:6      | Reached skill level 6 in Unarmed Combat
  2866 | D:6      | Learned a level 2 spell: Swiftness
  2901 | D:7      | Reached XP level 8. HP: 66/66 MP: 4/14
  2975 | D:6      | Noticed Edmund
  2990 | D:6      | Killed Edmund
  3075 | D:7      | Reached skill level 3 in Spellcasting
  3081 | D:8      | Found Wunaudiw's Armour Shoppe.
  3086 | D:8      | Noticed a hippogriff
  3093 | D:8      | Noticed a troll
  3278 | D:7      | Reached skill level 7 in Unarmed Combat
  3283 | D:7      | Reached skill level 5 in Fighting
  3339 | D:7      | Noticed Dowan
  3362 | D:7      | Found a burning altar of Makhleb.
  3405 | D:7      | Killed Dowan
  3480 | D:7      | Noticed Joseph
  3500 | D:7      | Killed Joseph
  3500 | D:7      | Reached skill level 4 in Transmutations
  3500 | D:7      | Reached XP level 9. HP: 16/74 MP: 13/17
  3501 | D:7      | Reached skill level 8 in Unarmed Combat
  3567 | D:7      | Noticed Duvessa
  3650 | D:7      | Killed Duvessa
  3666 | D:7      | Reached skill level 2 in Dodging
  3956 | D:8      | Found Rurubu's Weapon Shop.
  3983 | D:8      | Reached skill level 5 in Transmutations
  3995 | D:8      | Found Janyrife's Armour Shop.
  4001 | D:8      | Noticed Maurice
  4003 | D:8      | Bought a +0 pair of boots for 54 gold pieces
  4041 | D:8      | Reached skill level 9 in Unarmed Combat
  4086 | D:8      | Killed Maurice
  4086 | D:8      | Reached skill level 3 in Dodging
  4263 | D:8      | Noticed nikopol's ghost (novice DEFE)
  4308 | D:8      | HP: 5/75 [nikopol's ghost/magic dart (9)]
  4330 | D:8      | Killed nikopol's ghost
  4359 | D:8      | Found Veiprism's General Store.
  4366 | D:8      | Bought a scroll of blinking for 105 gold pieces
  4456 | D:9      | Noticed a two-headed ogre
  4491 | D:8      | Found a radiant altar of Vehumet.
  4590 | D:8      | Reached XP level 10. HP: 83/83 MP: 12/18
  4654 | D:9      | Reached skill level 4 in Dodging
  4678 | D:10     | Entered Level 10 of the Dungeon
  4694 | D:10     | Gained mutation: You do not regenerate when monsters are visible. [potion of mutation]
  4694 | D:10     | Gained mutation: You possess an exceptional clarity of mind. [potion of mutation]
  4695 | D:10     | Lost mutation: You possess an exceptional clarity of mind. [potion of mutation]
  4695 | D:10     | Lost mutation: You do not regenerate when monsters are visible. [potion of mutation]
  4695 | D:10     | Gained mutation: You are resistant to hostile enchantments. (MR+) [potion of mutation]
  4695 | D:10     | Gained mutation: You expend magic power (3 MP) to strengthen your wands. [potion of mutation]
  4695 | D:10     | Gained mutation: You have sharp fingernails. [potion of mutation]
  4755 | D:9      | Reached skill level 6 in Transmutations
  4778 | D:9      | Learned a level 5 spell: Blade Hands
  4812 | D:9      | Reached skill level 10 in Unarmed Combat
  4867 | D:9      | Noticed Grum
  4887 | D:9      | Killed Grum
  4996 | D:10     | Noticed a two-headed ogre
  5009 | D:10     | Paralysed by a hornet for 1 turns
  5014 | D:10     | Reached skill level 5 in Dodging
  5016 | D:10     | Killed a two-headed ogre
  5016 | D:10     | Reached skill level 4 in Spellcasting
  5096 | D:10     | Noticed a two-headed ogre
  5107 | D:10     | Killed a two-headed ogre
  5107 | D:10     | Reached skill level 7 in Transmutations
  5392 | D:9      | Found a staircase to the Orcish Mines.
  5392 | D:9      | Noticed a two-headed ogre
  5427 | D:9      | Killed a two-headed ogre
  5427 | D:9      | Reached skill level 6 in Dodging
  5427 | D:9      | Reached skill level 5 in Spellcasting
  5496 | D:9      | Reached XP level 11. HP: 88/88 MP: 16/22
  5627 | D:11     | Noticed Shiggs's ghost (journeyman VSTm)
  5777 | D:11     | Killed an unseen horror
  5777 | D:11     | Reached skill level 8 in Transmutations
  5889 | D:11     | Found Hynint's Magic Scroll Emporium.
  5966 | D:11     | Bought a scroll of fear for 49 gold pieces
  5966 | D:11     | Bought a scroll of magic mapping for 49 gold pieces
  5966 | D:11     | Bought a scroll of identify for 28 gold pieces
  5966 | D:11     | Bought a scroll of identify for 28 gold pieces
  5966 | D:11     | Bought a scroll of enchant armour for 105 gold pieces
  5966 | D:11     | Bought a scroll of recharging for 133 gold pieces
  6015 | D:11     | Noticed a two-headed ogre
  6029 | D:11     | Killed a two-headed ogre
  6029 | D:11     | Reached skill level 7 in Dodging
  6029 | D:11     | Reached skill level 6 in Spellcasting
  6606 | D:10     | Found a staircase to the Lair.
  6667 | D:10     | Reached skill level 6 in Fighting
  6669 | D:10     | Identified the +7 hand axe of Dithmenos's Whim {speed, MR+ Stlth+} (You found it on level 5 of the Dungeon)
  6758 | Lair:1   | Entered Level 1 of the Lair of Beasts
  6782 | Lair:1   | Noticed a four-headed hydra
  6855 | D:10     | Killed a four-headed hydra
  6955 | D:9      | Killed a two-headed ogre
  7369 | Lair:1   | Reached skill level 8 in Dodging
  7398 | Lair:1   | Found a shimmering altar of Xom.
  7709 | Lair:1   | Reached XP level 12. HP: 92/96 MP: 21/25
  7728 | Lair:2   | Found a dark tunnel.
  7755 | Volcano  | Entered a volcano
  7768 | Volcano  | Reached skill level 11 in Unarmed Combat
  7918 | Volcano  | Reached skill level 7 in Fighting
  7964 | Volcano  | Reached skill level 9 in Transmutations
  8124 | Lair:2   | Got a steaming long sword
  8126 | Lair:2   | Identified the +9 long sword of Optimality {venom, rPois rF+ rN+} (You found it on level 2 of the Lair of Beasts)
  8221 | Lair:2   | Noticed a four-headed hydra
  8800 | Lair:4   | Noticed an eight-headed hydra
  8822 | Lair:4   | Killed an eight-headed hydra
  8829 | Lair:4   | Reached skill level 9 in Dodging
  8861 | Lair:4   | Reached skill level 12 in Unarmed Combat
  9058 | Lair:3   | Learned a level 3 spell: Ozocubu's Armour
  9078 | Lair:3   | Learned a level 6 spell: Statue Form
  9113 | Lair:4   | Noticed Rupert
  9145 | Lair:4   | Reached skill level 1 in Earth Magic
  9186 | Lair:4   | Killed Rupert
  9186 | Lair:4   | Reached skill level 10 in Transmutations
  9186 | Lair:4   | Reached skill level 2 in Earth Magic
  9303 | Lair:4   | Reached skill level 3 in Earth Magic
  9314 | Lair:4   | Reached XP level 13. HP: 66/106 MP: 8/26
  9414 | Lair:4   | Reached skill level 4 in Earth Magic
  9471 | Lair:4   | Found a staircase to the Shoals.
  9496 | Lair:4   | Reached skill level 5 in Earth Magic
  9515 | Lair:4   | HP: 5/107 [merfolk/trident (25)]
  9520 | Lair:4   | HP: 9/107 [poisoned by a spiny frog]
  9750 | Lair:5   | Reached skill level 6 in Earth Magic
  9862 | Lair:6   | Entered Level 6 of the Lair of Beasts
  9910 | Lair:6   | Found a viscous altar of Jiyva.
  9910 | Lair:6   | Found a staircase to the Slime Pits.
  9912 | Lair:6   | Identified a scroll of acquirement
  9916 | Lair:6   | Got a slimy lead amulet
 10036 | Lair:6   | Reached skill level 1 in Charms
 10067 | Lair:6   | Reached skill level 7 in Earth Magic
 10116 | Lair:6   | Reached skill level 2 in Charms
 10238 | Lair:6   | Reached skill level 3 in Charms
 10568 | Lair:6   | Reached skill level 4 in Charms
 10568 | Lair:6   | Reached skill level 8 in Earth Magic
 10828 | Lair:6   | Reached skill level 9 in Earth Magic
 11027 | Lair:6   | Identified the amulet "Sygaib" {RegenMP rN+ MR++} (You acquired it on level 6 of the Lair of Beasts)
 11263 | Lair:2   | Found a hole to the Spider Nest.
 11548 | Lair:1   | Found the +8 whip "Snakebite" {curare, rPois}
 11659 | Orc:1    | Entered Level 1 of the Orcish Mines
 11753 | Orc:1    | Reached XP level 14. HP: 114/114 MP: 17/27
 11847 | Orc:1    | Noticed Erica
 11857 | Orc:1    | Killed Erica
 11858 | Orc:1    | Noticed an orc warlord
 11998 | D:9      | Killed an orc warlord
 11998 | D:9      | Reached skill level 10 in Earth Magic
 12091 | Orc:1    | Reached skill level 11 in Transmutations
 12174 | Orc:2    | Entered Level 2 of the Orcish Mines
 12290 | Orc:2    | Noticed an orc warlord
 12355 | Orc:1    | Killed an orc warlord
 12387 | Orc:2    | Noticed an orc warlord
 12408 | Orc:1    | Killed an orc warlord
 12471 | Orc:2    | Found a staircase to the Elven Halls.
 12528 | Orc:1    | Noticed Josephine
 12556 | Orc:2    | Killed Josephine
 12839 | Orc:2    | Noticed an orc warlord
 12872 | Orc:2    | Killed an orc warlord
 12874 | Orc:2    | Reached skill level 7 in Spellcasting
 13152 | Orc:2    | Found a roughly hewn altar of Beogh.
 13157 | Orc:2    | Found Kyump's General Store.
 13178 | Orc:2    | Found Qaorino's Book Shoppe.
 13215 | Orc:2    | Found Qugu's Antique Armour Shoppe.
 13221 | Orc:2    | Bought a runed helmet for 150 gold pieces
 13240 | Orc:2    | Found Loustuic's Antique Weapon Shoppe.
 13365 | Orc:1    | Noticed Urug
 13443 | Orc:1    | Killed Urug
 13481 | Orc:2    | Found a bloodstained altar of Trog.
 13589 | Elf:1    | Entered Level 1 of the Elven Halls
 13598 | Elf:1    | Reached skill level 11 in Earth Magic
 13659 | Elf:1    | Reached skill level 12 in Transmutations
 13797 | Elf:2    | Reached skill level 1 in Stealth
 13921 | Elf:1    | Reached skill level 8 in Fighting
 14057 | Elf:1    | Reached XP level 15. HP: 122/122 MP: 27/31
 14079 | Elf:1    | Found Mykesid's One-of-a-Kind Books.
 14143 | Elf:1    | Identified the Tome of Confrontation and the Entourage
 14153 | Elf:1    | Got an ichor-stained quick blade
 14154 | Elf:1    | Identified the +1 quick blade of Amortisation {protect, MR+ Dex+3} (You found it on level 1 of the Elven Halls)
 14195 | Elf:1    | Reached skill level 13 in Unarmed Combat
 14405 | Elf:2    | Noticed a deep elf blademaster
 14424 | Elf:1    | Killed a deep elf blademaster
 14551 | Elf:3    | Entered Level 3 of the Elven Halls
 14595 | Elf:3    | Found Vituiz's Jewellery Boutique.
 14595 | Elf:3    | Found Nus Ogru's Gadget Shoppe.
 14598 | Elf:3    | Found Yloinan's Jewellery Boutique.
 14611 | Elf:3    | Bought the amulet "Woseop" {Regen+ Str+5} for 855 gold pieces
 14634 | Elf:3    | Found Omox Neq's General Store.
 14642 | Elf:3    | Bought a scroll of identify for 34 gold pieces
 14642 | Elf:3    | Bought a potion of heal wounds for 85 gold pieces
 14698 | Elf:3    | Noticed Jorgrun
 14713 | Elf:3    | Killed Jorgrun
 14713 | Elf:3    | Reached skill level 14 in Unarmed Combat
 14957 | Elf:3    | Noticed Asterion
 14973 | Elf:3    | Killed Asterion
 14975 | Elf:3    | Got a pitted shield
 14992 | Elf:3    | Identified the +0 shield "Xenoec" {Str+3 Dex+3} (You found it on level 3 of the Elven Halls)
 15014 | Elf:3    | Noticed Roxanne
 15070 | Elf:3    | Killed Roxanne
 15121 | Elf:3    | Noticed a deep elf blademaster
 15226 | Elf:3    | Noticed a deep elf blademaster
 15246 | Elf:3    | Killed a deep elf blademaster
 15252 | Elf:3    | Reached skill level 9 in Fighting
 15269 | Elf:3    | Got a translucent scale mail
 15289 | Elf:3    | Identified the +6 scale mail "Pepokov" {+Blink rN+ Slay+2} (You took it off a deep elf blademaster on level 3 of the Elven Halls)
 15372 | Elf:3    | Reached skill level 10 in Dodging
 15423 | Elf:2    | HP: 13/161 [hand axe of chopping (8)]
 15527 | Elf:2    | Reached skill level 15 in Unarmed Combat
 15537 | Elf:3    | Reached XP level 16. HP: 132/132 MP: 32/32
 15619 | Elf:3    | Killed a deep elf blademaster
 15648 | Elf:3    | Noticed an Ice Fiend
 15739 | Elf:3    | Reached skill level 10 in Fighting
 15748 | Elf:3    | Gained mutation: You are agile. (Dex +2) [a cacodemon]
 15770 | Elf:3    | Identified the amulet "Buamelu" {Gourm *Drain rN++ Dex+5} (You took it off a deep elf annihilator on level 3 of the Elven Halls)
 15788 | Elf:3    | Noticed a deep elf master archer
 15804 | Elf:3    | Killed a deep elf master archer
 15838 | Elf:3    | Learned a level 1 spell: Apportation
 15922 | Elf:3    | Learned a level 5 spell: Aura of Abjuration
 15932 | Elf:3    | Learned a level 3 spell: Lesser Beckoning
 15934 | Elf:3    | Learned a level 1 spell: Summon Butterflies
 16033 | Elf:3    | Identified the +5 scale mail "Sehoceanak" {Stlth+} (You took it off a deep elf high priest on level 3 of the Elven Halls)
 16038 | Elf:3    | Identified the amulet of Womun {Spirit *Drain Int+5} (You took it off a deep elf death mage on level 3 of the Elven Halls)
 16119 | Elf:3    | Bought the ring of Iniygien {rElec rN+ MR+ EV+4} for 897 gold pieces
 16124 | Elf:3    | Bought an uncursed ring of resist corrosion for 360 gold pieces
 16171 | Elf:2    | Reached skill level 1 in Translocations
 16670 | Spider:1 | Entered Level 1 of the Spider Nest
 16718 | Spider:1 | Reached skill level 2 in Translocations
 16721 | Spider:1 | Reached skill level 16 in Unarmed Combat
 16773 | Spider:1 | Reached skill level 11 in Dodging
 16824 | Spider:1 | HP: 13/135 [disintegration (47)]
 16942 | Spider:1 | Found a frozen archway.
 16978 | IceCv    | Entered an ice cave
 17076 | IceCv    | Noticed kal9871's ghost (journeyman CeAM)
 17093 | IceCv    | Killed kal9871's ghost
 17499 | IceCv    | Got a scorched trident
 17528 | IceCv    | Found the +0 mask of the Dragon {MR+ Slay+3 SInv}
 17561 | IceCv    | Identified a +1 pair of boots of running (You found it in an ice cave)
 17563 | IceCv    | Identified the +6 trident of Guituxko {pierce, rElec Str+4} (You found it in an ice cave)
 17569 | IceCv    | Identified the +10 broad axe of Disgust {flame, rPois Int+4} (You found it in an ice cave)
 18025 | Spider:3 | Reached XP level 17. HP: 136/143 MP: 0/33
 18075 | Spider:3 | Noticed Arachne
 18090 | Spider:3 | Killed Arachne
 18090 | Spider:3 | Reached skill level 11 in Fighting
 18100 | Spider:3 | Reached skill level 8 in Spellcasting
 18219 | Spider:4 | Entered Level 4 of the Spider Nest
 18503 | Spider:4 | Noticed Mara
 18512 | Spider:4 | Noticed tidbits's illusion
 18525 | Spider:4 | Killed Mara
 18615 | Spider:4 | Reached skill level 17 in Unarmed Combat
 18897 | Spider:4 | Got a gossamer rune of Zot
 18964 | Spider:3 | Reached skill level 12 in Dodging
 19090 | Shoals:1 | Entered Level 1 of the Shoals
 19334 | Shoals:1 | Reached skill level 9 in Spellcasting
 19433 | Shoals:2 | Found Erielu Saeti's Food Emporium.
 19436 | Shoals:2 | Found Imiyrip's Distillery.
 19576 | Shoals:4 | Entered Level 4 of the Shoals
 19576 | Shoals:4 | Noticed Polyphemus
 19617 | Shoals:4 | Killed Polyphemus
 19749 | Shoals:4 | Reached XP level 18. HP: 154/154 MP: 30/36
 19799 | Shoals:4 | Reached skill level 12 in Fighting
 19994 | Shoals:4 | Reached skill level 18 in Unarmed Combat
 20132 | Shoals:4 | Noticed Ilsuiw
 20146 | Shoals:4 | Killed Ilsuiw
 20266 | Shoals:4 | Got a polished arbalest
 20272 | Shoals:4 | Identified the +8 arbalest "Nooraw" {venom, rElec rC- Int+2} (You found it on level 4 of the Shoals)
 20382 | Shoals:4 | Got a barnacled rune of Zot
 20470 | Shoals:2 | Found Qoodus's Distillery.
 20481 | Shoals:2 | Bought a potion of heal wounds for 90 gold pieces
 20481 | Shoals:2 | Bought a potion of heal wounds for 90 gold pieces
 20481 | Shoals:2 | Bought a potion of heal wounds for 90 gold pieces
 20481 | Shoals:2 | Bought a potion of ambrosia for 144 gold pieces
 20514 | Shoals:2 | Bought a potion of heal wounds for 80 gold pieces
 20514 | Shoals:2 | Bought a potion of resistance for 160 gold pieces
 20514 | Shoals:2 | Bought a potion of ambrosia for 128 gold pieces
 20751 | Slime:1  | Entered Level 1 of the Pits of Slime
 20753 | Slime:1  | Gained mutation: Your body sometimes deteriorates upon taking damage. [a shining eye]
 20771 | Slime:1  | Gained mutation: Your body often deteriorates upon taking damage. [a shining eye]
 20773 | Slime:1  | Gained mutation: Armour fits poorly on your strangely shaped body. [a shining eye]
 20785 | Slime:1  | Reached skill level 13 in Dodging
 21305 | Slime:3  | Reached skill level 13 in Fighting
 21327 | Slime:3  | Reached skill level 19 in Unarmed Combat
 21362 | Slime:5  | Entered Level 5 of the Pits of Slime
 21400 | Slime:5  | Noticed the Royal Jelly
 21423 | Slime:5  | Killed the Royal Jelly
 21423 | Slime:5  | Reached XP level 19. HP: 146/163 MP: 27/37
 21427 | Slime:5  | Gained mutation: Your spells are a little easier to cast, but a little less powerful. [a shining eye]
 21534 | Slime:5  | Got a slimy rune of Zot
 21596 | Slime:5  | Identified the cursed +1 scale mail of the Hare {rElec MR+} (You found it on level 5 of the Pits of Slime)
 21626 | Slime:5  | Gained mutation: You are weak. (Str -2) [a shining eye]
 21741 | Lair:6   | Learned a level 2 spell: Passwall
 21747 | Lair:6   | Learned a level 5 spell: Lee's Rapid Deconstruction
 22027 | Lair:6   | Learned a level 4 spell: Passage of Golubria
 22244 | D:13     | Reached skill level 3 in Translocations
 22326 | D:13     | Found a runed door.
 22364 | D:13     | Reached skill level 4 in Translocations
 22579 | D:13     | Noticed Frances
 22594 | D:13     | Killed Frances
 22673 | D:13     | Found a roughly hewn altar of Beogh.
 22686 | D:13     | Reached skill level 5 in Translocations
 22854 | D:14     | Found a gate to the Vaults.
 22894 | D:14     | Found Qyrigyep's Distillery.
 22899 | D:14     | Bought a potion of berserk rage for 65 gold pieces
 22899 | D:14     | Bought 2 potions of might for 104 gold pieces
 22899 | D:14     | Bought a potion of berserk rage for 65 gold pieces
 22899 | D:14     | Bought a potion of haste for 130 gold pieces
 22899 | D:14     | Bought a potion of might for 52 gold pieces
 22921 | D:14     | Noticed Louise
 22923 | D:14     | Found a labyrinth entrance.
 22933 | D:14     | Killed Louise
 22941 | D:14     | Noticed Azrael
 22943 | D:14     | Killed Azrael
 22943 | D:14     | Reached skill level 6 in Translocations
 22965 | Lab      | Entered a labyrinth
 23153 | Lab      | Identified the +0 pair of boots of the Illusory Mice {rC+ Int+4 Slay-2 Stlth+} (You found it in a labyrinth)
 23248 | Vaults:1 | Entered Level 1 of the Vaults
 23304 | Vaults:1 | Reached skill level 7 in Translocations
 23441 | Vaults:1 | Reached skill level 8 in Translocations
 23659 | Vaults:2 | Reached skill level 9 in Translocations
 23780 | Vaults:2 | Reached skill level 14 in Dodging
 23945 | Vaults:3 | Learned a level 4 spell: Animate Dead
 24083 | Vaults:3 | Reached skill level 1 in Necromancy
 24112 | Vaults:3 | Reached skill level 2 in Necromancy
 24151 | Vaults:3 | Reached skill level 3 in Necromancy
 24258 | Vaults:4 | Reached skill level 4 in Necromancy
 24266 | Vaults:4 | Reached XP level 20. HP: 172/172 MP: 32/38
 24325 | Vaults:3 | Reached skill level 5 in Necromancy
 24422 | Vaults:4 | Reached skill level 6 in Necromancy
 24495 | Vaults:4 | Reached skill level 7 in Necromancy
 24590 | Vaults:4 | Reached skill level 8 in Necromancy
 24654 | Vaults:4 | Learned a level 6 spell: Death Channel
 24657 | Vaults:5 | Entered Level 5 of the Vaults
 24657 | Vaults:5 | Noticed a golden dragon
 24697 | Vaults:5 | Noticed a golden dragon
 24803 | Vaults:5 | Reached skill level 10 in Translocations
 24879 | Vaults:5 | Noticed an ancient lich
 24880 | Vaults:5 | Noticed an ancient lich
 24906 | Vaults:5 | Noticed Frederick
 24910 | Vaults:5 | Killed Frederick
 24916 | Vaults:5 | Reached skill level 11 in Translocations
 24979 | Vaults:5 | Reached skill level 12 in Translocations
 24995 | Vaults:5 | Noticed a golden dragon
 25038 | Vaults:5 | HP: 21/223 [fire giant/fireball (19)]
 25068 | Vaults:5 | HP: 20/223 [war gargoyle/spray of metal splinters (19)]
 25087 | Vaults:5 | HP: 8/223 [titan (22)]
 25301 | Vaults:5 | Noticed a golden dragon
 25310 | Vaults:5 | Reached skill level 9 in Necromancy
 25321 | Vaults:5 | Killed a golden dragon
 25331 | Vaults:5 | Killed a golden dragon
 25367 | Vaults:5 | Reached XP level 21. HP: 170/179 MP: 33/39
 25373 | Vaults:5 | Reached skill level 10 in Necromancy
 25409 | Vaults:5 | Killed an ancient lich
 25808 | Vaults:5 | Identified the Almanac of Lightness
 25811 | Vaults:5 | Got a silver rune of Zot
 25884 | Vaults:5 | Killed a golden dragon
 25990 | Vaults:5 | Killed a golden dragon
 25990 | Vaults:5 | Reached skill level 10 in Spellcasting
 26000 | Vaults:5 | Killed an ancient lich
 26132 | Vaults:3 | Reached skill level 1 in Summonings
 26193 | Vaults:3 | Reached skill level 2 in Summonings
 26241 | Vaults:3 | Reached skill level 3 in Summonings
 26336 | Vaults:2 | Noticed Saint Roka
 26349 | Vaults:2 | Killed Saint Roka
 26349 | Vaults:2 | Reached skill level 4 in Summonings
 26377 | Vaults:2 | Found a staircase to the Crypt.
 26406 | Vaults:2 | Reached skill level 5 in Summonings
 26442 | Vaults:2 | Reached skill level 6 in Summonings
 26625 | Vaults:3 | Reached skill level 7 in Summonings
 26747 | Vaults:4 | Learned a level 4 spell: Control Undead
 26887 | Vaults:2 | Noticed Xtahua
 26893 | Vaults:2 | Killed Xtahua
 26893 | Vaults:2 | Reached skill level 8 in Summonings
 26927 | Crypt:1  | Entered Level 1 of the Crypt
 26929 | Crypt:1  | You fall through a shaft!
 26978 | Crypt:2  | Reached skill level 15 in Dodging
 26995 | Crypt:2  | Reached skill level 14 in Fighting
 27002 | Crypt:2  | Reached skill level 20 in Unarmed Combat
 27020 | Crypt:3  | Entered Level 3 of the Crypt
 27133 | Crypt:3  | Reached XP level 22. HP: 182/189 MP: 31/41
 27351 | Crypt:3  | Reached skill level 16 in Dodging
 27422 | Crypt:3  | Identified the cursed +0 scimitar "Mifag" {elec, Int+4} (You found it on level 3 of the Crypt)
 27471 | Crypt:3  | Found a staircase to the Tomb.
 27498 | Tomb:1   | Entered Level 1 of the Tomb of the Ancients
 27946 | Tomb:1   | Noticed a greater mummy
 27954 | Tomb:1   | Killed a greater mummy
 27955 | Tomb:1   | Noticed a greater mummy
 27957 | Tomb:1   | Noticed a greater mummy
 27965 | Tomb:1   | Killed a greater mummy
 27973 | Tomb:1   | Killed a greater mummy
 27974 | Tomb:1   | Noticed a greater mummy
 27985 | Tomb:1   | Killed a greater mummy
 27985 | Tomb:1   | Reached skill level 15 in Fighting
 27986 | Tomb:1   | Noticed a greater mummy
 27989 | Tomb:1   | Killed a greater mummy
 27989 | Tomb:1   | Reached skill level 17 in Dodging
 27990 | Tomb:1   | Noticed a greater mummy
 27998 | Tomb:1   | Killed a greater mummy
 27999 | Tomb:1   | Noticed a greater mummy
 27999 | Tomb:1   | HP: 20/249 [soul eater[a greater mummy's death curse] (7)]
 28006 | Tomb:1   | Killed a greater mummy
 28010 | Tomb:1   | Noticed a greater mummy
 28103 | Tomb:1   | Noticed a greater mummy
 28110 | Tomb:1   | Killed a greater mummy
 28124 | Tomb:1   | Killed a greater mummy
 28193 | Tomb:2   | Noticed a greater mummy
 28195 | Tomb:2   | Noticed a greater mummy
 28195 | Tomb:2   | Noticed an ancient lich
 28392 | Tomb:1   | Noticed a greater mummy
 28399 | Tomb:1   | Killed a greater mummy
 28486 | Tomb:1   | Noticed a greater mummy
 28486 | Tomb:1   | Noticed a greater mummy
 28487 | Tomb:1   | Noticed a greater mummy
 28498 | Tomb:1   | Killed a greater mummy
 28508 | Tomb:1   | Killed a greater mummy
 28508 | Tomb:1   | Reached skill level 21 in Unarmed Combat
 28509 | Tomb:1   | Noticed a greater mummy
 28518 | Tomb:1   | Killed a greater mummy
 28518 | Tomb:1   | Reached XP level 23. HP: 194/201 MP: 16/42
 28525 | Tomb:1   | Noticed a greater mummy
 28530 | Tomb:1   | Killed a greater mummy
 28531 | Tomb:1   | Noticed a greater mummy
 28536 | Tomb:1   | Killed a greater mummy
 28536 | Tomb:1   | Reached skill level 18 in Dodging
 28543 | Tomb:1   | Killed a greater mummy
 28736 | Tomb:3   | Entered Level 3 of the Tomb of the Ancients
 28750 | Tomb:3   | Noticed a greater mummy
 28752 | Tomb:3   | Reached skill level 16 in Fighting
 28895 | Tomb:3   | Noticed a greater mummy
 28999 | Tomb:3   | Noticed a greater mummy
 29005 | Tomb:3   | Killed a greater mummy
 29013 | Tomb:3   | Killed a greater mummy
 29030 | Tomb:2   | HP: 22/263 [bennu (13)]
 29151 | Tomb:3   | Noticed a greater mummy
 29157 | Tomb:3   | Killed a greater mummy
 29290 | Tomb:3   | Killed a greater mummy
 29324 | Tomb:3   | Found the +7 great mace "Undeadhunter" {disrupt, rN+}
 29327 | Tomb:3   | Found the +6 Majin-Bo {vamp, Archmagi MP+6 Int+6}
 29342 | Tomb:3   | Identified the Volume of the Blaze and Stolen Souls
 29365 | Tomb:3   | Identified the Guide on the Boosting Voyage
 29387 | Tomb:3   | Identified the ring "Plog" {rN+ Str+3 SInv} (You found it on level 3 of the Tomb of the Ancients)
 29388 | Tomb:3   | Identified the ring of Awe {MP+9 Int+5 SInv} (You found it on level 3 of the Tomb of the Ancients)
 29394 | Tomb:3   | Learned a level 3 spell: Regeneration
 29455 | Tomb:3   | Identified the Guide on the Ghastly Frostbite
 29507 | Tomb:3   | Noticed a greater mummy
 29516 | Tomb:3   | Killed a greater mummy
 29544 | Tomb:3   | Noticed a greater mummy
 29562 | Tomb:3   | Killed a greater mummy
 29563 | Tomb:3   | Noticed a greater mummy
 29603 | Tomb:3   | Learned a level 2 spell: Blink
 29626 | Tomb:3   | Reached skill level 11 in Spellcasting
 29647 | Tomb:3   | Noticed a greater mummy
 29654 | Tomb:3   | Killed a greater mummy
 29670 | Tomb:3   | Got a golden rune of Zot
 29686 | Tomb:3   | Killed a greater mummy
 29732 | Tomb:3   | Noticed an ancient lich
 29739 | Tomb:3   | Killed an ancient lich
 29748 | Tomb:3   | Upgraded the game from 0.21-a0-273-g0785366 to 0.21-a0-274-gc1afaeb
 29982 | Crypt:2  | Reached skill level 12 in Spellcasting
 30154 | D:15     | Entered Level 15 of the Dungeon
 30212 | D:13     | Identified the amulet "Qofac" {Faith rC+ MR+ Dex+3} (You took it off a yaktaur on level 13 of the Dungeon)
 30285 | D:11     | Bought a scroll of blinking for 105 gold pieces
 30285 | D:11     | Bought a scroll of fog for 28 gold pieces
 30469 | Elf:1    | Bought Ylaesiow's Catalogue of Greatest Risks and Utility for 2107 gold pieces
 30469 | Elf:1    | Bought Gublemalu's Papyrus of Stones and Transmigration for 1050 gold pieces
 30563 | Orc:2    | Bought 3 scrolls of immolation for 147 gold pieces
 30563 | Orc:2    | Bought a potion of resistance for 140 gold pieces
 30572 | Orc:2    | Bought a runed shield for 150 gold pieces
 30854 | D:15     | Lost mutation: Your body often deteriorates upon taking damage. [potion of mutation]
 30854 | D:15     | Lost mutation: Armour fits poorly on your strangely shaped body. [potion of mutation]
 30854 | D:15     | Lost mutation: You are weak. (Str -2) [potion of mutation]
 30855 | D:15     | Lost mutation: Your body sometimes deteriorates upon taking damage. [potion of mutation]
 30855 | D:15     | Lost mutation: You are resistant to hostile enchantments. (MR+) [potion of mutation]
 30855 | D:15     | Lost mutation: You have sharp fingernails. [potion of mutation]
 30855 | D:15     | Gained mutation: Your body sometimes deteriorates upon taking damage. [potion of mutation]
 30855 | D:15     | Gained mutation: You have a pair of small horns on your head. [potion of mutation]
 31225 | D:15     | Gained mutation: You have large cloven feet. [mutagenic meat]
 31226 | D:15     | Gained mutation: Your body often deteriorates upon taking damage. [mutagenic meat]
 31229 | D:15     | Gained mutation: Your mind is acute. (Int +2) [mutagenic meat]
 31233 | D:15     | Gained mutation: You are frail. (-10% HP) [mutagenic meat]
 31235 | D:15     | Lost mutation: You are agile. (Dex +2) [mutagenic meat]
 31255 | D:15     | Reached XP level 24. HP: 190/190 MP: 44/45
 31257 | D:15     | Found a staircase to the Depths.
 31270 | Depths:1 | Entered Level 1 of the Depths
 31292 | Depths:1 | Reached skill level 13 in Spellcasting
 31304 | Depths:1 | Learned a level 5 spell: Irradiate
 31340 | Depths:1 | Gained mutation: You are partially covered in molten scales. (AC +2) [mutagenic meat]
 31574 | Depths:1 | Gained mutation: You have hoof-like feet. [mutagenic meat]
 31576 | Depths:1 | Lost mutation: You expend magic power (3 MP) to strengthen your wands. [mutagenic meat]
 31578 | Depths:1 | Gained mutation: You are agile. (Dex +2) [mutagenic meat]
 31580 | Depths:1 | Lost mutation: You have hoof-like feet. [mutagenic meat]
 31581 | Depths:1 | Gained mutation: You are weak. (Str -2) [mutagenic meat]
 31582 | Depths:1 | Gained mutation: Scrolls take you a little longer to read. [mutagenic meat]
 31583 | Depths:1 | Gained mutation: You are resistant to electric shocks. (rElec) [mutagenic meat]
 31584 | Depths:1 | Gained mutation: You have a considerably increased reservoir of magic. (+20% MP) [mutagenic meat]
 31626 | Depths:1 | Identified the +5 scale mail "Tuffusyt" {rF+ Regen+ rCorr} (You found it on level 1 of the Depths)
 31646 | Depths:1 | Found a gateway to Hell.
 31766 | Depths:2 | Found a magical portal.
 31773 | WizLab   | Entered Wucad Mu's Monastery
 31894 | WizLab   | Found the +9 staff of Wucad Mu {channel}
 31938 | WizLab   | Reached skill level 14 in Spellcasting
 31938 | WizLab   | Reached XP level 25. HP: 198/198 MP: 47/51
 32145 | Depths:2 | Reached skill level 15 in Spellcasting
 32313 | Depths:3 | Reached skill level 16 in Spellcasting
 32334 | Depths:3 | Found a transporter.
 32335 | Depths:3 | Found a transporter.
 32480 | Depths:3 | Reached skill level 17 in Spellcasting
 32704 | Depths:4 | Paralysed by a floating eye for 2 turns
 32710 | Depths:4 | Paralysed by a floating eye for 4 turns
 32731 | Depths:4 | Lost mutation: You are frail. (-10% HP) [mutagenic meat]
 32732 | Depths:4 | Lost mutation: Your mind is acute. (Int +2) [mutagenic meat]
 32734 | Depths:4 | Gained mutation: You expend magic power (3 MP) to strengthen your wands. [mutagenic meat]
 32749 | Depths:4 | Lost mutation: You are agile. (Dex +2) [mutagenic meat]
 32750 | Depths:4 | Lost mutation: You expend magic power (3 MP) to strengthen your wands. [mutagenic meat]
 32757 | Depths:4 | Gained mutation: You passively map a small area around you. [mutagenic meat]
 32764 | Depths:4 | Lost mutation: Scrolls take you a little longer to read. [mutagenic meat]
 32801 | Depths:4 | Reached skill level 18 in Spellcasting
 32832 | Depths:4 | Found a one-way gate to the infinite horrors of the Abyss.
 32919 | Hell     | Entered the Vestibule of Hell
 32919 | Hell     | Noticed Geryon
 32994 | Depths:4 | Learned a level 8 spell: Controlled Blink
 33028 | Depths:5 | Entered Level 5 of the Depths
 33039 | Depths:5 | Reached skill level 13 in Translocations
 33040 | Depths:5 | Noticed the Enchantress
 33083 | Depths:4 | Learned a level 4 spell: Animate Dead
 33361 | Depths:5 | Identified the ring of Tyus {rElec rC+ Int+2 SInv} (You found it on level 5 of the Depths)
 33384 | Depths:5 | Reached skill level 14 in Translocations
 33504 | Depths:5 | Found a gateway to a ziggurat.
 33525 | Zig:1    | Entered Level 1 of a ziggurat
 33531 | Zig:1    | Reached XP level 26. HP: 184/227 MP: 56/56
 33543 | Zig:2    | Entered Level 2 of a ziggurat
 33591 | Zig:3    | Entered Level 3 of a ziggurat
 33610 | Zig:3    | Identified the ring "Nyhym" {rPois MR+ Stlth-} (You found it on level 3 of a ziggurat)
 33628 | Zig:4    | Entered Level 4 of a ziggurat
 33660 | Zig:5    | Entered Level 5 of a ziggurat
 33681 | Zig:5    | Got a flickering granite ring
 33683 | Zig:5    | Identified the ring of Kono Ohy {rPois Int+4} (You found it on level 5 of a ziggurat)
 33688 | Zig:6    | Entered Level 6 of a ziggurat
 33695 | Zig:6    | Noticed Eghoagh the pandemonium lord
 33710 | Zig:6    | Killed Eghoagh the pandemonium lord
 33720 | Zig:6    | Reached skill level 15 in Translocations
 33738 | Zig:6    | Reached XP level 27. HP: 189/234 MP: 31/56
 33761 | Zig:7    | Entered Level 7 of a ziggurat
 33784 | Zig:7    | Reached skill level 1 in Evocations
 33798 | Zig:7    | Reached skill level 2 in Evocations
 33818 | Zig:7    | Identified Sophisticated Thaumaturgy
 33849 | Zig:7    | Identified Coesojio's Guide on the Shifting Snowflakes
 33851 | Zig:8    | Entered Level 8 of a ziggurat
 33881 | Zig:8    | Reached skill level 3 in Evocations
 33897 | Zig:9    | Entered Level 9 of a ziggurat
 33897 | Zig:9    | Noticed CcS's ghost (veteran MiGl)
 33946 | Zig:9    | Killed CcS's ghost
 33946 | Zig:9    | Reached skill level 16 in Translocations
 33961 | Zig:9    | Reached skill level 4 in Evocations
 33971 | Zig:9    | HP: 29/304 [cloud of flame (5)]
 34000 | Zig:9    | Identified Sischo's Volume of Noxious Execration
 34047 | Zig:10   | Entered Level 10 of a ziggurat
 34058 | Zig:10   | Reached skill level 5 in Evocations
 34074 | Zig:10   | Identified the Guide on Battle Magic
 34124 | Zig:11   | Entered Level 11 of a ziggurat
 34145 | Zig:11   | HP: 23/304 [iron giant/giant club (33)]
 34146 | Zig:11   | Found the +12 glaive of Prune {chop}
 34147 | Zig:11   | Killed from afar by an iron giant

Vault maps used:
D:1:      dpeg_arrival_chambers_temple_mockup
D:2:      kennysheep_six_static_rooms, uniq_jessica, uniq_terence
D:4:      serial_shops, shop, first_bread, nemelex_xobeh_ov_fountains_minmay,
          uniq_eustachio
D:6:      minmay_temple_entry_junction_2, serial_shops, shop_fountains,
          minmay_misc_feat_tower, kennysheep_nub, minmay_misc_feat_columns,
          uniq_grinder, uniq_edmund, uniq_menkaure
D:7:      basic_altar, uniq_joseph, uniq_duvessa
D:8:      lemuel_coloured_pillars_altar, serial_shops,
          nicolae_shop_competitors_out_of_business, shop_statue, shop, shop,
          uniq_maurice
D:9:      orc_david_3, uniq_grum
D:10:     erik_lair_island
D:11:     serial_shops, shop_coins
D:12:     hangedman_pestilent_swarm, uniq_fannar
D:13:     minmay_the_grid_square_5x5_3x3, special_room, lemuel_tele_altar,
          uniq_frances
D:14:     cheibrodos_body_horror, david_vaults_5, kennysheep_small_spiral,
          lab_entry_generic, serial_shops, kennysheep_little_box, uniq_louise,
          uniq_azrael
D:15:     grunt_enter_depths_snipers
Lair:1:   minmay_guarded_unrand_snakebite, basic_altar, beast_lair_carwin_8,
          minmay_lair_oklob_chamber
Lair:2:   dummy_spider_entry, nicolae_volcano_entry_lava_flow
Lair:3:   minivault_25
Lair:4:   elwin_shoals_entry_stream, grunt_megastairs_5, uniq_rupert
Lair:6:   minmay_lair_end_enchanted_forest, slime_altar_1
Shoals:2: serial_shops, shop, shop, shop, nicolae_shoals_so_close
Shoals:3: uniq_nikola
Shoals:4: shoals_end_grunt_ice, shoal_ilsuiw, uniq_polyphemus
Spider:1: portal_ice_cave_entry_ice_statue_one, zaba_anthell
Spider:3: spiders_nest_spider_trap, uniq_arachne
Spider:4: grunt_spider_rune_circles, uniq_mara, uniq_donald
Slime:2:  nicolae_slime_welcoming_committee, uniq_dissolution
Slime:3:  cheibrodos_slime_lost_civilization_9
Orc:1:    lightli_orcish_oven, uniq_erica, uniq_josephine, uniq_urug
Orc:2:    grunt_orc_cross, trog_book
Elf:1:    minmay_elf_sorcery, nicolae_elf_glass_and_crystal_pillar_2,
          nicolae_rare_books
Elf:2:    minmay_misc_feat_rows, roderic_nine_men_s_morris, guppyfry_elf_garden,
          uniq_aizul
Elf:3:    grunt_elf_hall_diamonds, serial_shops, shop_statue, minmay_shop_grove,
          uniq_roxanne, uniq_asterion, uniq_jorgrun
Vaults:1: hangedman_vaults_impose, ontoclasm_vaults_ligature,
          nicolae_vaults_angled_halls, vaults_room_grunt_arrival_checkpoint,
          v_pattern_1, grunt_vaults_swirl, hangedman_vaults_slice,
          nicolae_vaults_little_squares_1, ontoclasm_vaults_decontamination,
          vaults_mumra_hex, v_misc_11, special_room_vaults, vaults_dpeg_ring,
          ontoclasm_vaults_idyll, vaults_dpeg_encased_lava,
          ontoclasm_vaults_loading_screen, serial_shops, bzr_firewalk,
          nicolae_shop_temple_entry_statues_fountains
Vaults:2: vaults_mumra_lcd, hangedman_vaults_stagger, v_misc_18,
          nicolae_vaults_windows_and_doors_thing, vaults_mumra_minichess,
          v_misc_22, v_misc_27, serial_ice_g, ontoclasm_vaults_eye,
          minmay_crypt_entry_simple_round, uniq_margery, uniq_mennas,
          uniq_saint_roka, uniq_xtahua
Vaults:3: nicolae_vaults_statue_guard, ontoclasm_vaults_twist, v_misc_29,
          v_misc_12, vaults_room_pools, vaults_room_grid,
          hangedman_vaults_pinch, nicolae_vaults_diagonal_hallway_8,
          vaults_room_hallway, dpeg_vaults_monster_row
Vaults:4: ontoclasm_vaults_gallery, v_misc_15, vaults_dpeg_cross, v_pattern_5,
          v_misc_30, nicolae_vaults_big_angled_halls, vaults_room_door_hall,
          v_misc_12, hangedman_vaults_river_flow,
          vaults_mumra_minichess_inversion, vaults_room_fancy_cross,
          vaults_room_grid, vaults_room_pools
Vaults:5: uniq_frederick
Crypt:1:  serial_sigils_hangedman_gut, nicolae_crypt_little_mausoleum
Crypt:2:  basic_altar, grunt_megastairs_2
Crypt:3:  due_elkab, minigarden_bobbens
Depths:1: minmay_misc_feat_roman, pf_coc_iceberg, library_closet,
          kennysheep_opposing_triangles, grunt_megastairs_4,
          serial_bayou_shore_b
Depths:2: minmay_blocking_statues, serial_sigils, serial_sigils_hangedman_carve,
          serial_sigils_hangedman_snap, serial_sigils_hangedman_leer,
          serial_sigils_hangedman_etch, hell_entry, mu_enter_wizlab_5,
          minmay_strange_pillars, infiniplex_staircase_pool_lava,
          serial_bayou_shore_b, basic_stair_grate_trap
Depths:3: gammafunk_sealed_arena, nicolae_wwwww, abyss_entry, hell_entry,
          grunt_pan_entry_spiral, infiniplex_staircase_pool_1,
          grunt_megastairs_3
Depths:4: minmay_distorted_concentric_squares, abyss_entry,
          grunt_hell_entry_demonic_statue, kennysheep_nondescript,
          kennysheep_crisscross
Depths:5: evilmike_zot_entry_hall, enter_ziggurat_a, abyss_entry_flame_altar,
          serial_bayou_pond_e, hangedman_geh_valley, uniq_enchantress
Zig:5:    ziggurat_pillar_centre_c
Zig:7:    ziggurat_pillar_centre_oklobs
Lab:      labyrinth_hidden_loot, nicolae_lab_x
IceCv:    ice_cave_caverns_02
Volcano:  volcano_aerie
WizLab:   wizlab_wucad

Skill      XL: |  1  2  3  4  5  6  7  8  9 10 11 12 13 14 15 16 17 18 19 20 21 22 23 24 25 26 27 |
---------------+----------------------------------------------------------------------------------+-----
Spellcasting   | 2 3 5 6 7 9 10 12 14 18 | 18.1
Transmutations | 2 3 4 5 7 8 10 12 | 12.1
Unarmed Combat | 3 4 5 6 7 9 10 12 15 16 17 19 20 21 | 21.7
Fighting       | 1 2 4 5 6 7 8 9 10 11 13 14 15 16 | 16.8
Shields        | 2 4 |  4.0
Dodging        | 3 6 8 9 10 11 12 13 14 15 17 18 | 18.1
Earth Magic    | 3 9 11 | 11.1
Charms         | 4 |  4.0
Stealth        | 1 |  1.3
Translocations | 2 9 12 14 15 16 | 16.3
Necromancy     | 4 9 10 | 10.7
Summonings     | 8 |  8.0
Evocations     | 5 |  5.2

Action                   |  1- 3 |  4- 6 |  7- 9 | 10-12 | 13-15 | 16-18 | 19-21 | 22-24 | 25-27 || total
-------------------------+-------+-------+-------+-------+-------+-------+-------+-------+-------++-------
Melee: Unarmed           |   114 |    92 |   365 |   666 |  1220 |  1266 |  1234 |   937 |   609 ||  6503
       Headbutt          |     8 |     5 |       |    25 |       |       |       |    64 |   124 ||   226
       Kick              |    14 |       |     5 |       |       |       |       |    48 |   197 ||   264
       Dagger            |       |   147 |    37 |       |       |       |       |       |       ||   184
       Hand axe          |       |       |       |    10 |       |       |       |       |       ||    10
       Punch             |       |       |       |    10 |    17 |       |       |       |       ||    27
 Fire: Blowgun           |       |       |       |     9 |     1 |    23 |     1 |       |       ||    34
Throw: Javelin           |       |       |       |       |     2 |     1 |       |       |       ||     3
       Throwing net      |       |       |       |       |       |       |       |     1 |       ||     1
 Cast: Beastly Appendage |    23 |     3 |     2 |    13 |       |       |       |       |       ||    41
       Sticks to Snakes  |     5 |     9 |    36 |    46 |    64 |   121 |    19 |     6 |     2 ||   308
       Spider Form       |     5 |    19 |    27 |    16 |       |       |       |       |       ||    67
       Blade Hands       |       |       |       |    29 |    39 |       |       |       |       ||    68
       Ozocubu's Armour  |       |       |       |     3 |    17 |       |       |       |       ||    20
       Statue Form       |       |       |       |       |    51 |    75 |    69 |    46 |    33 ||   274
       Apportation       |       |       |       |       |       |    61 |   110 |   141 |    39 ||   351
       Passwall          |       |       |       |       |       |       |    14 |    53 |    22 ||    89
       Lesser Beckoning  |       |       |       |       |       |       |    14 |    14 |    10 ||    38
       Passage of Golubr |       |       |       |       |       |       |    28 |    54 |     9 ||    91
       Animate Dead      |       |       |       |       |       |       |     4 |       |     4 ||     8
       Death Channel     |       |       |       |       |       |       |    22 |       |    12 ||    34
       Control Undead    |       |       |       |       |       |       |     6 |    13 |     6 ||    25
       Lee's Rapid Decon |       |       |       |       |       |       |       |    38 |     7 ||    45
       Blink             |       |       |       |       |       |       |       |    24 |     7 ||    31
       Regeneration      |       |       |       |       |       |       |       |    12 |    48 ||    60
       Aura of Abjuratio |       |       |       |       |       |       |       |     8 |       ||     8
       Irradiate         |       |       |       |       |       |       |       |     5 |    19 ||    24
       Controlled Blink  |       |       |       |       |       |       |       |       |     1 ||     1
 Abil: End Transformatio |     1 |       |     3 |    10 |    26 |     9 |     8 |     8 |     1 ||    66
Evoke: Wand              |       |     1 |     4 |    36 |     1 |     3 |       |     4 |     6 ||    55
       Staff of Olgreb   |       |       |       |       |       |     4 |       |       |       ||     4
       Box of beasts     |       |       |       |       |       |       |       |       |     2 ||     2
       Phial of floods   |       |       |       |       |       |       |       |       |     1 ||     1
  Use: Potion            |     1 |     3 |     4 |     4 |     5 |     1 |     8 |    16 |     5 ||    47
       Scroll            |       |     3 |     3 |    23 |    16 |    20 |    31 |    27 |    10 ||   133
 Stab: Sleeping          |     1 |     1 |       |     1 |     2 |     2 |     3 |     3 |       ||    13
       Distracted        |     1 |       |     1 |     6 |     7 |    15 |    24 |       |     9 ||    63
       Confused          |       |     3 |     1 |     8 |       |       |       |       |       ||    12
       Paralysed         |       |       |       |    14 |       |       |       |       |       ||    14
       Invisible         |       |       |       |       |     1 |       |       |       |     6 ||     7
       Petrified         |       |       |       |       |       |     3 |       |       |       ||     3
       Held in net/web   |       |       |       |       |       |       |       |     1 |       ||     1
  Eat: Chunk             |     1 |    10 |    12 |    11 |    37 |    22 |    10 |    26 |    18 ||   147
       Royal jelly       |       |       |       |     5 |       |     2 |     4 |     7 |     2 ||    20
       Fruit             |       |       |       |     3 |    10 |       |       |       |       ||    13
       Meat ration       |       |       |       |     1 |     2 |     4 |     4 |     1 |     3 ||    15
       Bread ration      |       |       |       |       |     2 |     2 |     4 |     6 |     1 ||    15
Armor: Robe              |    16 |    11 |       |       |       |       |       |       |       ||    27
       Skin              |       |     6 |     9 |    19 |   373 |   753 |   364 |   391 |   286 ||  2201
       Ring mail         |       |    45 |    49 |    85 |       |       |       |       |       ||   179
       Troll leather arm |       |       |       |    21 |   130 |    26 |     3 |     7 |     8 ||   195
Dodge: Dodged            |    68 |   151 |   240 |   373 |   962 |  2124 |  1283 |  1570 |  1169 ||  7940
Block: Buckler           |       |    37 |    63 |   109 |   322 |   776 |   494 |   632 |   431 ||  2864

Table legend:
 A = Spawn XP
 B = Non-spawn XP
 C = Spawn XP percentage of total XP
 D = Spawn monster count
 E = Non-spawn monster count
 F = Spawn count percentage of total count
 G = Total turns spent on level
                    A         B        C        D         E        F      G
               +---------+---------+-------+---------+---------+-------+---------
         Total |       0 | 1454771 |   0.0 |       0 |    2444 |   0.0 | 34147
               +---------+---------+-------+---------+---------+-------+---------
           D:1 |       0 |      24 |   0.0 |       0 |      14 |   0.0 |   338
           D:2 |       0 |     151 |   0.0 |       0 |      36 |   0.0 |   719
           D:3 |       0 |      36 |   0.0 |       0 |      17 |   0.0 |   356
           D:4 |       0 |     152 |   0.0 |       0 |       9 |   0.0 |   222
           D:5 |       0 |     295 |   0.0 |       0 |      15 |   0.0 |   667
           D:6 |       0 |    1399 |   0.0 |       0 |      26 |   0.0 |   821
           D:7 |       0 |    2095 |   0.0 |       0 |      33 |   0.0 |   704
           D:8 |       0 |    2659 |   0.0 |       0 |      37 |   0.0 |   895
           D:9 |       0 |    6370 |   0.0 |       0 |      42 |   0.0 |   773
          D:10 |       0 |    5673 |   0.0 |       0 |      29 |   0.0 |  1031
          D:11 |       0 |    3579 |   0.0 |       0 |      13 |   0.0 |   755
          D:12 |       0 |    1732 |   0.0 |       0 |      13 |   0.0 |   433
          D:13 |       0 |   14707 |   0.0 |       0 |      62 |   0.0 |   649
          D:14 |       0 |    6172 |   0.0 |       0 |      17 |   0.0 |   346
          D:15 |       0 |   17354 |   0.0 |       0 |      38 |   0.0 |   423
        Lair:1 |       0 |    9396 |   0.0 |       0 |      44 |   0.0 |   868
        Lair:2 |       0 |    2805 |   0.0 |       0 |       9 |   0.0 |   548
        Lair:3 |       0 |    7055 |   0.0 |       0 |      28 |   0.0 |   844
        Lair:4 |       0 |   12360 |   0.0 |       0 |      36 |   0.0 |   716
        Lair:5 |       0 |    2847 |   0.0 |       0 |      17 |   0.0 |   478
        Lair:6 |       0 |   18405 |   0.0 |       0 |      82 |   0.0 |  1489
      Shoals:1 |       0 |   14930 |   0.0 |       0 |      31 |   0.0 |   368
      Shoals:2 |       0 |    8475 |   0.0 |       0 |      21 |   0.0 |   217
      Shoals:3 |       0 |    9514 |   0.0 |       0 |      18 |   0.0 |   143
      Shoals:4 |       0 |   45861 |   0.0 |       0 |      74 |   0.0 |   789
      Spider:1 |       0 |   17861 |   0.0 |       0 |      58 |   0.0 |   393
      Spider:2 |       0 |   10774 |   0.0 |       0 |      37 |   0.0 |   399
      Spider:3 |       0 |   15213 |   0.0 |       0 |      32 |   0.0 |   347
      Spider:4 |       0 |   35658 |   0.0 |       0 |      51 |   0.0 |   588
       Slime:1 |       0 |   12403 |   0.0 |       0 |      15 |   0.0 |   214
       Slime:2 |       0 |   10381 |   0.0 |       0 |      17 |   0.0 |   146
       Slime:3 |       0 |   13423 |   0.0 |       0 |      24 |   0.0 |   211
       Slime:4 |       0 |    8677 |   0.0 |       0 |      15 |   0.0 |    89
       Slime:5 |       0 |   40046 |   0.0 |       0 |      27 |   0.0 |   319
         Orc:1 |       0 |   12589 |   0.0 |       0 |      82 |   0.0 |   860
         Orc:2 |       0 |   14428 |   0.0 |       0 |      92 |   0.0 |  1173
         Elf:1 |       0 |   32413 |   0.0 |       0 |      50 |   0.0 |   883
         Elf:2 |       0 |   22874 |   0.0 |       0 |      32 |   0.0 |   703
         Elf:3 |       0 |   60059 |   0.0 |       0 |      56 |   0.0 |  1345
      Vaults:1 |       0 |   34792 |   0.0 |       0 |      52 |   0.0 |   543
      Vaults:2 |       0 |   50757 |   0.0 |       0 |      77 |   0.0 |   680
      Vaults:3 |       0 |   40552 |   0.0 |       0 |      59 |   0.0 |   565
      Vaults:4 |       0 |   46820 |   0.0 |       0 |      63 |   0.0 |   753
      Vaults:5 |       0 |  149974 |   0.0 |       0 |     123 |   0.0 |  1240
       Crypt:1 |       0 |    8424 |   0.0 |       0 |      12 |   0.0 |    40
       Crypt:2 |       0 |   14273 |   0.0 |       0 |      23 |   0.0 |   142
       Crypt:3 |       0 |   57656 |   0.0 |       0 |      72 |   0.0 |   534
        Tomb:1 |       0 |  136677 |   0.0 |       0 |      60 |   0.0 |  1086
        Tomb:2 |       0 |   15255 |   0.0 |       0 |      18 |   0.0 |   609
        Tomb:3 |       0 |  107322 |   0.0 |       0 |      87 |   0.0 |   699
      Depths:1 |       0 |   33298 |   0.0 |       0 |      51 |   0.0 |   428
      Depths:2 |       0 |   29151 |   0.0 |       0 |      27 |   0.0 |   280
      Depths:3 |       0 |   40922 |   0.0 |       0 |      51 |   0.0 |   309
      Depths:4 |       0 |   68841 |   0.0 |       0 |     129 |   0.0 |   700
      Depths:5 |       0 |   20736 |   0.0 |       0 |      23 |   0.0 |   233
          Hell |       0 |    2794 |   0.0 |       0 |       7 |   0.0 |    48
         Zig:1 |       0 |    1157 |   0.0 |       0 |       1 |   0.0 |    18
         Zig:2 |       0 |    2299 |   0.0 |       0 |       3 |   0.0 |    48
         Zig:3 |       0 |     835 |   0.0 |       0 |       3 |   0.0 |    37
         Zig:4 |       0 |    5835 |   0.0 |       0 |       4 |   0.0 |    32
         Zig:5 |       0 |    2874 |   0.0 |       0 |       4 |   0.0 |    28
         Zig:6 |       0 |   13646 |   0.0 |       0 |       6 |   0.0 |    73
         Zig:7 |       0 |   12258 |   0.0 |       0 |      17 |   0.0 |    90
         Zig:8 |       0 |    8376 |   0.0 |       0 |      12 |   0.0 |    46
         Zig:9 |       0 |   17497 |   0.0 |       0 |      18 |   0.0 |   150
        Zig:10 |       0 |   14718 |   0.0 |       0 |      23 |   0.0 |    77
        Zig:11 |       0 |    2140 |   0.0 |       0 |       4 |   0.0 |    23
           Lab |       0 |    1436 |   0.0 |       0 |       2 |   0.0 |   230
         IceCv |       0 |    8488 |   0.0 |       0 |      55 |   0.0 |   635
       Volcano |       0 |    2918 |   0.0 |       0 |       8 |   0.0 |   252
        WizLab |       0 |    1205 |   0.0 |       0 |       1 |   0.0 |   257
               +---------+---------+-------+---------+---------+-------+---------

Table legend:
 A = Turns spent in this place as a percentage of turns spent in the entire game.
 B = Non-inter-level travel turns spent in this place as a percentage of non-inter-level travel turns spent in the entire game.
 C = Inter-level travel turns spent in this place as a percentage of turns spent in this place.
 D = Turns resting spent in this place as a percentage of non-inter-level travel turns spent in this place.
 E = Turns spent auto-exploring this place as a percentage of non-inter-level travel turns spent in this place.
 F = Non-inter-level travel turns spent in this place divided by the number of levels of this place that you've seen.
                   A       B       C       D       E      F
               +-------+-------+-------+-------+-------+----------------------
         Total | 100.0 | 100.0 |   4.0 |   0.2 |   0.7 | 461.9
       Dungeon |  26.7 |  26.5 |   5.0 |   0.6 |   0.0 | 578.3
          Lair |  14.5 |  13.5 |  10.7 |   0.0 |   5.0 | 735.5
        Shoals |   4.4 |   4.6 |   0.0 |   0.1 |   0.0 | 379.2
   Spider Nest |   5.1 |   5.0 |   4.2 |   0.0 |   0.0 | 413.8
    Slime Pits |   2.9 |   2.9 |   4.1 |   0.0 |   0.0 | 187.8
  Orcish Mines |   6.0 |   5.9 |   5.6 |   0.0 |   0.0 | 959.5
   Elven Halls |   8.6 |   8.7 |   2.6 |   0.0 |   0.0 | 951.3
        Vaults |  11.1 |  11.4 |   0.9 |   0.0 |   0.0 | 749.2
         Crypt |   2.1 |   2.2 |   0.0 |   0.0 |   0.0 | 238.7
          Tomb |   7.0 |   7.2 |   1.1 |   0.1 |   0.0 | 789.3
        Depths |   5.7 |   5.9 |   0.1 |   0.0 |   0.0 | 389.6
          Hell |   0.1 |   0.1 |   0.0 |   0.0 |   0.0 |  48.0
      Ziggurat |   1.8 |   1.9 |   0.0 |   2.6 |   0.0 |  56.5
     Labyrinth |   0.7 |   0.7 |   0.0 |   0.0 |   0.0 | 230.0
      Ice Cave |   1.9 |   1.9 |   0.0 |   0.0 |   0.0 | 635.0
       Volcano |   0.7 |   0.8 |   0.0 |   0.0 |   0.0 | 252.0
        Wizlab |   0.8 |   0.8 |   0.0 |   0.0 |   0.0 | 257.0
               +-------+-------+-------+-------+-------+----------------------

Table legend:
 A = Kills in this place as a percentage of kills in entire the game.
 B = Kills by you in this place as a percentage of kills by you in the entire game.
 C = Kills by friends in this place as a percentage of kills by friends in the entire game.
 D = Other kills in this place as a percentage of other kills in the entire game.
 E = Experience gained in this place as a percentage of experience gained in the entire game.
 F = Experience gained in this place divided by the number of levels of this place that you have seen.
                   A       B       C       D       E      F
               +-------+-------+-------+-------+-------+----------------------
         Total | 100.0 | 100.0 | 100.0 | 100.0 | 100.0 | 20489.7
       Dungeon |  16.4 |  17.2 |   8.2 |  23.1 |   4.3 | 4159.9
          Lair |   8.8 |   9.1 |   6.4 |   0.0 |   3.6 | 8811.3
        Shoals |   5.9 |   5.8 |   7.3 |   0.0 |   5.4 | 19695.0
   Spider Nest |   7.3 |   7.0 |  10.3 |   0.0 |   5.5 | 19876.5
    Slime Pits |   4.0 |   4.1 |   3.4 |   0.0 |   5.8 | 16986.0
  Orcish Mines |   7.1 |   7.7 |   1.3 |   7.7 |   1.9 | 13508.5
   Elven Halls |   5.6 |   5.9 |   3.0 |   7.7 |   7.9 | 38448.7
        Vaults |  15.3 |  14.6 |  22.3 |   7.7 |  22.2 | 64579.0
         Crypt |   4.4 |   4.5 |   3.9 |   0.0 |   5.5 | 26784.3
          Tomb |   6.8 |   7.1 |   3.0 |   7.7 |  17.8 | 86418.0
        Depths |  11.5 |   9.6 |  30.0 |   7.7 |  13.3 | 38589.6
          Hell |   0.3 |   0.3 |   0.0 |   7.7 |   0.2 | 2794.0
      Ziggurat |   3.9 |   4.1 |   0.4 |  30.8 |   5.6 | 7421.4
     Labyrinth |   0.1 |   0.1 |   0.0 |   0.0 |   0.1 | 1436.0
      Ice Cave |   2.3 |   2.5 |   0.4 |   0.0 |   0.6 | 8488.0
       Volcano |   0.3 |   0.4 |   0.0 |   0.0 |   0.2 | 2918.0
        Wizlab |   0.0 |   0.0 |   0.0 |   0.0 |   0.1 | 1205.0
               +-------+-------+-------+-------+-------+----------------------

Vault maps used:
D:1:      dpeg_arrival_chambers_temple_mockup
D:2:      kennysheep_six_static_rooms, uniq_jessica, uniq_terence
D:4:      serial_shops, shop, first_bread, nemelex_xobeh_ov_fountains_minmay,
          uniq_eustachio
D:6:      minmay_temple_entry_junction_2, serial_shops, shop_fountains,
          minmay_misc_feat_tower, kennysheep_nub, minmay_misc_feat_columns,
          uniq_grinder, uniq_edmund, uniq_menkaure
D:7:      basic_altar, uniq_joseph, uniq_duvessa
D:8:      lemuel_coloured_pillars_altar, serial_shops,
          nicolae_shop_competitors_out_of_business, shop_statue, shop, shop,
          uniq_maurice
D:9:      orc_david_3, uniq_grum
D:10:     erik_lair_island
D:11:     serial_shops, shop_coins
D:12:     hangedman_pestilent_swarm, uniq_fannar
D:13:     minmay_the_grid_square_5x5_3x3, special_room, lemuel_tele_altar,
          uniq_frances
D:14:     cheibrodos_body_horror, david_vaults_5, kennysheep_small_spiral,
          lab_entry_generic, serial_shops, kennysheep_little_box, uniq_louise,
          uniq_azrael
D:15:     grunt_enter_depths_snipers
Lair:1:   minmay_guarded_unrand_snakebite, basic_altar, beast_lair_carwin_8,
          minmay_lair_oklob_chamber
Lair:2:   dummy_spider_entry, nicolae_volcano_entry_lava_flow
Lair:3:   minivault_25
Lair:4:   elwin_shoals_entry_stream, grunt_megastairs_5, uniq_rupert
Lair:6:   minmay_lair_end_enchanted_forest, slime_altar_1
Shoals:2: serial_shops, shop, shop, shop, nicolae_shoals_so_close
Shoals:3: uniq_nikola
Shoals:4: shoals_end_grunt_ice, shoal_ilsuiw, uniq_polyphemus
Spider:1: portal_ice_cave_entry_ice_statue_one, zaba_anthell
Spider:3: spiders_nest_spider_trap, uniq_arachne
Spider:4: grunt_spider_rune_circles, uniq_mara, uniq_donald
Slime:2:  nicolae_slime_welcoming_committee, uniq_dissolution
Slime:3:  cheibrodos_slime_lost_civilization_9
Orc:1:    lightli_orcish_oven, uniq_erica, uniq_josephine, uniq_urug
Orc:2:    grunt_orc_cross, trog_book
Elf:1:    minmay_elf_sorcery, nicolae_elf_glass_and_crystal_pillar_2,
          nicolae_rare_books
Elf:2:    minmay_misc_feat_rows, roderic_nine_men_s_morris, guppyfry_elf_garden,
          uniq_aizul
Elf:3:    grunt_elf_hall_diamonds, serial_shops, shop_statue, minmay_shop_grove,
          uniq_roxanne, uniq_asterion, uniq_jorgrun
Vaults:1: hangedman_vaults_impose, ontoclasm_vaults_ligature,
          nicolae_vaults_angled_halls, vaults_room_grunt_arrival_checkpoint,
          v_pattern_1, grunt_vaults_swirl, hangedman_vaults_slice,
          nicolae_vaults_little_squares_1, ontoclasm_vaults_decontamination,
          vaults_mumra_hex, v_misc_11, special_room_vaults, vaults_dpeg_ring,
          ontoclasm_vaults_idyll, vaults_dpeg_encased_lava,
          ontoclasm_vaults_loading_screen, serial_shops, bzr_firewalk,
          nicolae_shop_temple_entry_statues_fountains
Vaults:2: vaults_mumra_lcd, hangedman_vaults_stagger, v_misc_18,
          nicolae_vaults_windows_and_doors_thing, vaults_mumra_minichess,
          v_misc_22, v_misc_27, serial_ice_g, ontoclasm_vaults_eye,
          minmay_crypt_entry_simple_round, uniq_margery, uniq_mennas,
          uniq_saint_roka, uniq_xtahua
Vaults:3: nicolae_vaults_statue_guard, ontoclasm_vaults_twist, v_misc_29,
          v_misc_12, vaults_room_pools, vaults_room_grid,
          hangedman_vaults_pinch, nicolae_vaults_diagonal_hallway_8,
          vaults_room_hallway, dpeg_vaults_monster_row
Vaults:4: ontoclasm_vaults_gallery, v_misc_15, vaults_dpeg_cross, v_pattern_5,
          v_misc_30, nicolae_vaults_big_angled_halls, vaults_room_door_hall,
          v_misc_12, hangedman_vaults_river_flow,
          vaults_mumra_minichess_inversion, vaults_room_fancy_cross,
          vaults_room_grid, vaults_room_pools
Vaults:5: uniq_frederick
Crypt:1:  serial_sigils_hangedman_gut, nicolae_crypt_little_mausoleum
Crypt:2:  basic_altar, grunt_megastairs_2
Crypt:3:  due_elkab, minigarden_bobbens
Depths:1: minmay_misc_feat_roman, pf_coc_iceberg, library_closet,
          kennysheep_opposing_triangles, grunt_megastairs_4,
          serial_bayou_shore_b
Depths:2: minmay_blocking_statues, serial_sigils, serial_sigils_hangedman_carve,
          serial_sigils_hangedman_snap, serial_sigils_hangedman_leer,
          serial_sigils_hangedman_etch, hell_entry, mu_enter_wizlab_5,
          minmay_strange_pillars, infiniplex_staircase_pool_lava,
          serial_bayou_shore_b, basic_stair_grate_trap
Depths:3: gammafunk_sealed_arena, nicolae_wwwww, abyss_entry, hell_entry,
          grunt_pan_entry_spiral, infiniplex_staircase_pool_1,
          grunt_megastairs_3
Depths:4: minmay_distorted_concentric_squares, abyss_entry,
          grunt_hell_entry_demonic_statue, kennysheep_nondescript,
          kennysheep_crisscross
Depths:5: evilmike_zot_entry_hall, enter_ziggurat_a, abyss_entry_flame_altar,
          serial_bayou_pond_e, hangedman_geh_valley, uniq_enchantress
Zig:5:    ziggurat_pillar_centre_c
Zig:7:    ziggurat_pillar_centre_oklobs
Lab:      labyrinth_hidden_loot, nicolae_lab_x
IceCv:    ice_cave_caverns_02
Volcano:  volcano_aerie
WizLab:   wizlab_wucad
